 Dungeon Crawl Stone Soup version 0.23-a0-487-gc6253629db (webtiles) character file.

8360 Kriby the Geomancer (level 11, -6/61 HPs)
             Began as an Octopode Earth Elementalist on Dec 1, 2018.
             Was a High Priest of Vehumet.
             Mangled by an eight-headed hydra (14 damage)
             ... on level 1 of the Lair of Beasts.
             The game lasted 00:21:19 (12370 turns).

Kriby the Geomancer (Octopode Earth Elementalist)  Turns: 12370, Time: 00:21:19

Health: -6/61      AC:  4    Str:  8    XL:     11   Next: 29%
Magic:  11/23      EV: 10    Int: 21    God:    Vehumet [*****.]
Gold:   407        SH: 14    Dex: 12    Spells: 16/27 levels left

rFire    . . .     SeeInvis .   d - +2 dagger (drain)
rCold    . . .     Gourm    .   u - +1 large shield {AC+3}
rNeg     . . .     Faith    .   (helmet restricted)
rPois    .         Spirit   .   (no amulet)
rElec    .         Reflect  .   (no ring)
rCorr    .         Harm     .   (no ring)
MR       .....                  (no ring)
Stlth    +++.......             (no ring)
HPRegen  0.20/turn              (no ring)
MPRegen  0.18/turn              (no ring)
                                (no ring)
                                (no ring)

@: about to teleport, very slightly contaminated
A: almost no armour, stealthy swim, amphibious, 8 rings, constrict 8, camouflage
1, gelatinous body 1
a: Renounce Religion


You were on level 1 of the Lair of Beasts.
You worshipped Vehumet.
Vehumet was extremely pleased with you.
You were not hungry.

You visited 2 branches of the dungeon, and saw 10 of its levels.

You collected 407 gold pieces.

Inventory:

Hand Weapons
 d - a +2 dagger of draining (weapon)
 f - a +1 short sword of draining
Missiles
 m - 133 sling bullets
 w - 2 throwing nets
 F - 46 stones (quivered)
Armour
 u - a +1 large shield of protection (worn)
Wands
 y - a wand of flame (22)
 B - a wand of iceblast (7) {@v4}
Scrolls
 e - 4 scrolls of amnesia {unknown}
 g - 15 scrolls of identify {unknown}
 h - 7 scrolls of remove curse {@r2}
 i - 4 scrolls of teleportation {@r3}
 l - 4 scrolls of blinking {unknown}
 p - a scroll of enchant armour {unknown}
 t - 4 scrolls of noise
 v - a scroll of enchant weapon {unknown}
 z - a scroll of magic mapping {unknown}
 D - a scroll of fear {unknown}
 E - a scroll of vulnerability {unknown}
Potions
 a - 2 potions of flight
 j - 3 potions of brilliance
 k - 3 potions of might {@q4}
 n - a potion of lignification {unknown}
 o - 2 potions of heal wounds {unknown}
 q - a potion of curing {@q1}
 r - a potion of cancellation
 s - 2 potions of berserk rage {unknown}
 x - a potion of mutation {unknown}
 A - a potion of invisibility {unknown}
Comestibles
 c - 27 rations {@e1}


   Skills:
 - Level 2.0 Dodging
 - Level 2.6 Stealth
 + Level 7.4 Shields
 + Level 8.5 Spellcasting
   Level 1.0 Transmutations
 * Level 12.7 Earth Magic


You had 16 spell levels left.
You knew the following spells:

 Your Spells              Type           Power        Failure   Level  Hunger
a - Stone Arrow           Conj/Erth      #####.       4%          3    None
b - Sting                 Conj/Pois      #...         19%         1    None
c - Freezing Cloud        Conj/Ice/Air   #.........   100%        6    ######.
q - Sandblast             Erth           ######       1%          1    None

Your spell library contained the following spells:

 Spells                   Type           Power        Failure   Level  Hunger
 Lee's Rapid Deconstruct  Erth           ######....   3%          5    #####..
 Passwall                 Tmut/Erth      #####...     6%          2    None
 Magic Dart               Conj           #...         19%         1    None
 Searing Ray              Conj           #.....       28%         2    None
 Petrify                  Tmut/Erth      #####...     38%         4    ###....
 Conjure Flame            Conj/Fire      #.......     45%         3    None
 Dazzling Spray           Conj/Hex       #.....       45%         3    None
 Corona                   Hex            #......      58%         1    None
 Ensorcelled Hibernation  Hex/Ice        #.....       73%         2    None
 Force Lance              Conj/Tloc      #.......     83%         4    ###....
 Fulminant Prism          Conj/Hex       #.........   83%         4    ###....
 Iskenderun's Mystic Bla  Conj           #.......     83%         4    ###....
 Sticky Flame             Conj/Fire      #.......     83%         4    ###....
 Confuse                  Hex            #.......     91%         3    None
 Tukima's Dance           Hex            #.......     91%         3    None
 Iskenderun's Battlesphe  Conj/Chrm      #.......     99%         5    #####..
 Bolt of Fire             Conj/Fire      #.........   100%        6    ######.


Dungeon Overview and Level Annotations

Branches:
Dungeon (9/15)             Temple (0/1) D:5            Lair (1/6) D:9
    Orc: D:9-12

Altars:
Cheibriados
Dithmenos
Fedhas
Gozag
Kikubaaqudgha
Okawaru
Trog
Vehumet
Xom
Yredelemnul
Zin
The Shining One

Annotations:
D:4 3 runed doors, Shaidar's ghost, amateur DECj
D:7 exclusion: downstairs


Innate Abilities, Weirdness & Mutations

You cannot wear most types of armour.
You are very stealthy in the water. (Stealth+)
You are amphibious.
You can wear up to eight rings at the same time.
You can use your tentacles to constrict eight enemies at once.
Your skin changes colour to match your surroundings (Stealth+).
Your rubbery body absorbs attacks. (AC +1, EV +1)


Message History

Aim: an eight-headed hydra (heavily wounded, covered in acid)
You miscast Stone Arrow.
You are very lightly contaminated with residual magic.
You feel earthy.
You block the eight-headed hydra's attack.
The eight-headed hydra bites you!
You block the eight-headed hydra's attack.
The eight-headed hydra bites you!
You block the eight-headed hydra's attack.
The eight-headed hydra closely misses you. x2
The eight-headed hydra bites you.
As you read the scroll of teleportation {@r3}, it crumbles to dust.
You feel strangely unstable.
You block the eight-headed hydra's attack.
The eight-headed hydra bites you.
* * * LOW HITPOINT WARNING * * *
The eight-headed hydra bites you!
* * * LOW HITPOINT WARNING * * *
The eight-headed hydra bites you!
You die...

#### ##.P###
#############.....#
#......@D.....#.#.######
#.######.###P.###.......
#.# ### ##.###.###P##
#.# #.....#P#### #.#
#.#P....†... #.#
#........... #.#
##.##..†###P. #.#
#.....†.÷.# . #.#
........##.P..


You could see an eight-headed hydra.

Vanquished Creatures
  Erica (D:8)
  An elephant (D:9)
  A spiny frog (Lair:1)
  A komodo dragon (Lair:1)
  Grinder (D:5)
  A hippogriff (D:7)
  Eustachio (D:5)
  11 yaks
  2 basilisks
  A porcupine (Lair:1)
  A water moccasin (Lair:1)
  An orc warrior (D:8)
  4 sky beasts
  An ice beast (D:8)
  8 ogres
  2 phantoms
  2 centaurs
  2 crocodiles
  A big kobold (D:8)
  Blork the orc (D:6)
  4 bullfrogs
  A wyvern skeleton (D:8)
  5 scorpions
  A howler monkey (D:4)
  10 wights
  4 crimson imps
  2 centaur zombies
  2 quasits (D:6)
  4 hounds
  A jelly (D:9)
  2 bullfrog skeletons
  3 orc priests
  5 iguanas
  6 orc wizards
  5 worker ants
  3 hound skeletons
  A mummy (D:8)
  2 worker ant zombies (D:9)
  9 gnolls
  11 adders
  2 shadow imps
  A worm (D:3)
  A dart slug (D:2)
  5 leopard geckos
  34 orcs
  4 ball pythons
  8 bats
  6 giant cockroaches
  13 goblins
  20 hobgoblins
  7 jackals
  2 quokkas
  2 frilled lizards
  A giant cockroach zombie (D:6)
  21 kobolds
  A leopard gecko skeleton (D:4)
  A leopard gecko zombie (D:5)
  6 rats
260 creatures vanquished.

Vanquished Creatures (others)
  A centaur skeleton (D:8)
  3 fungi
  4 plants (Lair:1)
  2 withered plants (D:4)
10 creatures vanquished.

Grand Total: 270 creatures vanquished

Notes
Turn   | Place    | Note
-------+----------+-------------------------------------------
     0 | D:1      | Kriby the Octopode Earth Elementalist began the quest for
                  | the Orb.
     0 | D:1      | Reached XP level 1. HP: 11/11 MP: 3/3
   282 | D:1      | Reached XP level 2. HP: 17/17 MP: 3/5
  1059 | D:2      | Reached XP level 3. HP: 21/21 MP: 4/6
  1179 | D:2      | Found a glowing golden altar of the Shining One.
  1181 | D:2      | Found a shimmering altar of Xom.
  1196 | D:2      | Found a radiant altar of Vehumet.
  1296 | D:2      | Became a worshipper of Vehumet
  1691 | D:2      | Reached skill level 4 in Earth Magic
  2099 | D:3      | Found a blossoming altar of Fedhas.
  2187 | D:3      | Reached XP level 4. HP: 27/27 MP: 6/8
  2218 | D:3      | Found a glowing golden altar of the Shining One.
  2493 | D:3      | Found a bloodstained altar of Trog.
  3158 | D:3      | Reached * piety under Vehumet
  3158 | D:3      | Offered knowledge of Sting by Vehumet.
  3210 | D:3      | Learned a level 1 spell: Sting
  3214 | D:3      | Learned a level 3 spell: Stone Arrow
  3278 | D:3      | Reached XP level 5. HP: 28/31 MP: 0/9
  3288 | D:3      | Reached skill level 5 in Earth Magic
  3459 | D:3      | Found an iron altar of Okawaru.
  3489 | D:4      | Found a runed gate.
  3489 | D:4      | Found a runed gate.
  3489 | D:4      | Found a runed gate.
  3492 | D:4      | Noticed Shaidar's ghost (amateur DECj)
  3493 | D:4      | Noticed an ogre
  3494 | D:4      | Noticed Shaidar's ghost (amateur DECj)
  3497 | D:4      | Killed an ogre
  3497 | D:4      | Reached XP level 6. HP: 36/36 MP: 6/11
  3767 | D:4      | Reached skill level 6 in Earth Magic
  4172 | D:4      | Reached XP level 7. HP: 41/41 MP: 9/13
  4604 | D:5      | Entered Level 5 of the Dungeon
  4790 | D:5      | Reached skill level 7 in Earth Magic
  4813 | D:5      | Reached ** piety under Vehumet
  4813 | D:5      | Offered knowledge of Throw Frost by Vehumet.
  4959 | D:5      | Reached skill level 1 in Shields
  4959 | D:5      | Reached skill level 5 in Spellcasting
  4959 | D:5      | Reached XP level 8. HP: 45/46 MP: 7/15
  5073 | D:5      | Noticed Grinder
  5172 | D:5      | Reached skill level 8 in Earth Magic
  5233 | D:5      | Killed Grinder
  5534 | D:5      | Offered knowledge of Searing Ray by Vehumet.
  5702 | D:5      | Noticed Eustachio
  5893 | D:5      | Killed Eustachio
  5936 | D:5      | Found a staircase to the Ecumenical Temple.
  6122 | D:5      | Reached *** piety under Vehumet
  6382 | D:6      | Found a shadowy altar of Dithmenos.
  6416 | D:6      | Reached skill level 9 in Earth Magic
  6483 | D:6      | Found an ancient bone altar of Kikubaaqudgha.
  6500 | D:6      | Offered knowledge of Ignite Poison by Vehumet.
  6500 | D:6      | Reached XP level 9. HP: 51/51 MP: 17/17
  6596 | D:6      | Noticed Blork the orc
  6600 | D:6      | Killed Blork the orc
  7128 | D:7      | Reached **** piety under Vehumet
  7194 | D:7      | Offered knowledge of Static Discharge by Vehumet.
  7627 | D:7      | Reached skill level 10 in Earth Magic
  8013 | D:8      | Noticed Erica
  8248 | D:8      | Reached skill level 5 in Shields
  8901 | D:8      | Found a snail-covered altar of Cheibriados.
  8987 | D:8      | Killed Erica
  8987 | D:8      | Reached skill level 11 in Earth Magic
  8987 | D:8      | Reached XP level 10. HP: 18/56 MP: 4/20
  9522 | D:8      | Found an opulent altar of Gozag.
 10206 | D:9      | Noticed an elephant
 10232 | D:9      | Killed an elephant
 10896 | D:9      | Found a glowing silver altar of Zin.
 10947 | D:9      | Found a basalt altar of Yredelemnul.
 10951 | D:9      | Identified Seehiapoegg's Papyrus of Boosting Fire
 11104 | D:9      | Reached ***** piety under Vehumet
 11106 | D:9      | Reached skill level 12 in Earth Magic
 11126 | D:9      | HP: 2/56 [yak (12)]
 11422 | D:9      | Offered knowledge of Freezing Cloud by Vehumet.
 11422 | D:9      | Reached XP level 11. HP: 47/61 MP: 8/23
 11547 | D:9      | Learned a level 6 spell: Freezing Cloud
 11862 | D:9      | Found a staircase to the Lair.
 11902 | Lair:1   | Entered Level 1 of the Lair of Beasts
 12363 | Lair:1   | Noticed an eight-headed hydra
 12370 | Lair:1   | Mangled by an eight-headed hydra

Vault maps used:
D:1:      doesnt_arrival_eight_statues
D:2:      minitemple, cheibrodos_gnoll_hut
D:3:      minmay_razor_zed, okawaru_altar_gauntlet_db, lightli_temple_of_fire,
          fedhas_altar_2, first_ration, tso_altar
D:4:      gammafunk_ghost_cemetery, minmay_statues_item
D:5:      corexii_shantytown, temple_hall, uniq_eustachio, uniq_grinder
D:6:      lemuel_crystal_altar, kiku_gazebo_pond_becter, minmay_misc_feat_doors,
          dk_noncrumbling_3, uniq_blork_the_orc
D:8:      grunt_gozag_statues, grunt_ogre_cave, chei_slow_surprise, uniq_erica
D:9:      kennysheep_mini, zin_statuary, david_lair_generic
Lair:1:   serial_bayou_pond_a, grunt_megastairs_3, uniq_nergalle

Skill      XL: |  1  2  3  4  5  6  7  8  9 10 11 |
---------------+----------------------------------+-----
Earth Magic    | 4 5 6 7 9 11 12 | 12.7
Spellcasting   | 3 4 5 7 8 |  8.5
Shields        | 1 3 5 6 7 |  7.4
Dodging        | |  2.0
Stealth        | |  2.6
Transmutations | |  1.0

Action                   |  1- 3 |  4- 6 |  7- 9 | 10-12 || total
-------------------------+-------+-------+-------+-------++-------
Melee: Dagger            |     1 |     6 |    26 |    77 ||   110
       Constrict         |       |     1 |     5 |     6 ||    12
       Tentacles         |       |     1 |     4 |     7 ||    12
Throw: Stone             |       |       |     1 |       ||     1
 Cast: Sandblast         |    47 |    81 |   189 |       ||   317
       Sting             |       |     5 |       |       ||     5
       Stone Arrow       |       |       |    17 |   121 ||   138
Evoke: Wand              |       |       |       |    11 ||    11
  Use: Potion            |       |     1 |     4 |       ||     5
       Scroll            |       |       |       |     4 ||     4
 Stab: Sleeping          |       |       |     1 |       ||     1
  Eat: Chunk             |     4 |     6 |    13 |     9 ||    32
       Ration            |       |       |     1 |       ||     1
Armor: Skin              |     3 |     1 |    15 |     5 ||    24
Dodge: Dodged            |    12 |    31 |    18 |    30 ||    91
Block: Large shield      |       |       |    33 |    73 ||   106

Table legend:
 A = Non-vault XP
 B = Vault XP
 C = Vault XP percentage of total XP
 D = Non-vault monster count
 E = Vault monster count
 F = Vault count percentage of total count
                 A         B        C        D         E       F
            +---------+---------+-------+---------+---------+-------
      Total |    9126 |    2817 |  23.6 |     199 |      61 |  23.5
            +---------+---------+-------+---------+---------+-------
        D:1 |      30 |       0 |   0.0 |      18 |       0 |   0.0
        D:2 |      28 |      18 |  39.1 |       9 |       3 |  25.0
        D:3 |      53 |      66 |  55.5 |      21 |      17 |  44.7
        D:4 |     488 |       0 |   0.0 |      19 |       0 |   0.0
        D:5 |     790 |     589 |  42.7 |      24 |      33 |  57.9
        D:6 |     856 |      94 |   9.9 |      26 |       1 |   3.7
        D:7 |     847 |       0 |   0.0 |      12 |       0 |   0.0
        D:8 |     974 |    1073 |  52.4 |      24 |       3 |  11.1
        D:9 |    3189 |     977 |  23.5 |      37 |       4 |   9.8
     Lair:1 |    1871 |       0 |   0.0 |       9 |       0 |   0.0
            +---------+---------+-------+---------+---------+-------
